 Seeded DCSS version 0.32-a0-422-g28b100f (webtiles) character file.

Game seed: 8831602498682816792 (custom seed)

1244 GeorgeSoros the Apothecary (level 8, 0/46 HPs)
             Began as an Octopode Alchemist on Feb 20, 2024.
             Was an Initiate of Ashenzari.
             Slain by an ice beast (10 damage)
             ... on level 4 of the Dungeon on Feb 21, 2024.
             The game lasted 00:30:46 (5382 turns).

GeorgeSoros the Apothecary (Octopode Alchemist)     Turns: 5382, Time: 00:30:47

Health: 0/46       AC:  1    Str:  7    XL:     8   Next: 50%
Magic:  6/11       EV: 13    Int: 20    God:    Ashenzari [......]
Gold:   260        SH:  5    Dex: 12    Spells: 5/11 levels left

rFire   . . .        c - +3 short sword (protect)
rCold   . . .        k - +0 buckler
rNeg    . . .        (helmet restricted)
rPois   .            (no amulet)
rElec   .            (no ring)
rCorr   .            (no ring)
SInv    .            (no ring)
Will    .....        (no ring)
Stlth   +++          (no ring)
HPRegen 0.27/turn    (no ring)
MPRegen 0.12/turn    (no ring)
                     (no ring)

%: no passive effects
@: about to teleport
A: almost no armour, amphibious, 8 rings, camouflage 1, gelatinous body 1,
(nimble swimmer 1), tentacles
a: Renounce Religion, Curse Item


You were on level 4 of the Dungeon.
You worshipped Ashenzari.
Ashenzari was noncommittal.
You visited 2 branches of the dungeon, and saw 6 of its levels.
You also visited: Sewer.

You collected 260 gold pieces.

Inventory:

Hand Weapons
 c - a +3 short sword of protection (weapon)
Missiles
 b - 47 stones
Armour
 k - a +0 buckler (worn)
Wands
 f - a wand of polymorph (12)
 g - a wand of quicksilver (7)
Scrolls
 h - 5 scrolls of fog
 l - 2 scrolls of revelation
 n - a scroll of fear
 p - 2 scrolls of enchant armour
 r - a scroll of enchant weapon
Potions
 a - 3 potions of magic
 d - a potion of attraction
 e - a potion of enlightenment
 i - a potion of heal wounds
 j - a potion of brilliance
 o - a potion of berserk rage {unknown}
 q - a potion of cancellation {unknown}
 s - a potion of mutation {unknown}
 t - a potion of curing


   Skills:
 - Level 3.0 Dodging
 - Level 3.1 Stealth
 - Level 4.0 Shields
 - Level 2.0 Spellcasting
 + Level 4.5 Conjurations
 + Level 5.0 Air Magic
 + Level 6.5 Alchemy


You had 5 spell levels left.
You knew the following spells:

 Your Spells              Type           Power      Damage    Failure   Level
a - Sting                 Conj/Alch      96%        1d9       2%          1
b - Mercury Vapours       Alch/Air       50%        N/A       3%          2
c - Mephitic Cloud        Conj/Alch/Air  23%        N/A       9%          3

Your spell library contained the following spells:

 Spells                   Type           Power      Damage    Failure   Level
 Olgreb's Toxic Radiance  Alch           28%        N/A       17%         4
 Call Imp                 Summ           4%         N/A       36%         2
 Sublimation of Blood     Necr           2%         N/A       36%         2
 Sticky Flame             Fire/Alch      15%        2d5       54%         4
 Gell's Gravitas          Tloc           2%         N/A       58%         3
 Teleport Other           Tloc           2%         N/A       58%         3
 Dispersal                Tloc           1%         N/A       100%        6
 Summon Hydra             Summ           1%         N/A       100%        7


Dungeon Overview and Level Annotations

Branches:
Dungeon (5/15)             Temple (1/1) D:4           Sewer (visited)

Altars:
Ashenzari
Dithmenos
Elyvilon
Kikubaaqudgha
Makhleb
Nemelex Xobeh
Okawaru
Qazlal
Ru
Vehumet
Xom
Yredelemnul
Zin
The Shining One

Shops:
D:5 *

Annotations:
D:3 exclusion: downstairs


Innate Abilities, Weirdness & Mutations

You cannot wear most types of armour.
You are amphibious.
You can wear up to eight rings at the same time.
Your skin changes colour to match your surroundings (Stealth+).
Your rubbery body absorbs attacks. (AC +1, EV +1)
((You are camouflaged when in or above water. (Stealth+)))
You have tentacles for arms and can constrict up to eight enemies at once.


Message History

Aiming: Mercury Vapours (safe; 3% risk of failure)
Press: ? - help, Dir - move target Fumes of mercury billow through the air!
The ice beast hits you. The ice beast freezes you!
Casting: Mercury Vapours (safe; 3% risk of failure)
Confirm with . or Enter, or press ? or * to list all spells.
Aiming: Mercury Vapours (safe; 3% risk of failure)
Press: ? - help, Dir - move target You miscast Mercury Vapours.
You are very lightly contaminated with residual magic.
Nothing appears to happen.
The ice beast misses you.
Casting: Mercury Vapours (safe; 3% risk of failure)
Confirm with . or Enter, or press ? or * to list all spells.
Aiming: Mercury Vapours (safe; 3% risk of failure)
Press: ? - help, Dir - move target Fumes of mercury billow through the air!
The ice beast closely misses you.
Unknown command.
The ice beast attacks as it pursues you!
The ice beast hits you. The ice beast freezes you!
Casting: Mercury Vapours (safe; 3% risk of failure)
Confirm with . or Enter, or press ? or * to list all spells.
Aiming: Sting (safe; 2% risk of failure)
Press: ? - help, Shift-Dir - straight line, f - ice beast
Aim: an ice beast (76% to hit)
The sting misses the ice beast.
The ice beast barely misses you.
Your magical contamination has completely faded away.
There is a stone staircase leading up here.
The ice beast hits you. The ice beast freezes you!
* * * LOW HITPOINT WARNING * * *
You climb upwards.
There is a stone staircase leading down here.
As you read the scroll of teleportation, it crumbles to dust.
You feel strangely unstable. The ice beast closely misses you.
The ice beast attacks as it pursues you!
The ice beast hits you.
* * * LOW HITPOINT WARNING * * *
The ice beast freezes you!
You die...

# ######### # .##.....##
#### # .........## #..#
# ..........# #..# #
..........## #).### #
...........# #....## #
.......[...######.##..#
#
............##.Y@..##.#
#
..........#..^.....##.#
#
...........##.[.....#.##
#
.##.....##..#.#........#
#
###########.#.#...[.#)>#
# #.#.......#.)### #
#.........#.(..# ##
#####......#.#.### #.
##...รท........## #.


You could see an ice beast.

Vanquished Creatures
  A water moccasin (D:4)
  A black bear (D:4)
  Pargi (Sewer)
  An ogre (D:5)
  A centaur (D:5)
  A brain worm (Sewer)
  A scorpion (D:4)
  A hound (D:5)
  2 orc priests (D:5)
  A bombardier beetle (D:5)
  2 gnoll boudas (D:4)
  A sleepcap (D:5)
  Natasha (thrice) (D:2)
  2 iguanas
  2 orc wizards (D:5)
  8 gnolls
  4 adders
  3 ribbon worms
  2 dart slugs
  11 orcs (D:5)
  10 ball pythons
  4 endoplasms
  3 giant cockroaches
  9 goblins
  6 hobgoblins
  2 quokkas
  6 bats
  8 frilled lizards
  7 kobolds
  4 rats
108 creatures vanquished.

Notes
Turn   | Place    | Note
-------+----------+-------------------------------------------
     0 | D:1      | GeorgeSoros the Octopode Alchemist began the quest for the
                  | Orb.
     0 | D:1      | Reached XP level 1. HP: 11/11 MP: 3/3
   187 | D:1      | Reached XP level 2. HP: 17/17 MP: 3/5
   229 | D:1      | Learned a level 2 spell: Mercury Vapours
   369 | D:1      | Reached skill level 1 in Air Magic
   579 | D:1      | Reached XP level 3. HP: 21/21 MP: 4/6
  1257 | D:2      | Noticed Natasha
  1263 | D:2      | Killed Natasha
  1264 | D:2      | Reached skill level 4 in Alchemy
  1264 | D:2      | Reached XP level 4. HP: 18/27 MP: 1/7
  1415 | D:2      | Learned a level 3 spell: Mephitic Cloud
  1442 | D:2      | Noticed Natasha
  1451 | D:2      | Killed Natasha
  1504 | D:2      | Noticed Natasha
  1519 | D:2      | Killed Natasha
  1520 | D:2      | Reached XP level 5. HP: 11/31 MP: 2/8
  2572 | D:3      | Found a faded altar of an unknown god.
  2669 | D:3      | Found a stormy altar of Qazlal.
  2809 | D:4      | Noticed a black bear
  2822 | D:4      | Killed a black bear
  2823 | D:4      | Reached skill level 1 in Shields
  2823 | D:4      | Reached XP level 6. HP: 28/36 MP: 2/9
  2886 | D:4      | Found a staircase to the Ecumenical Temple.
  2899 | Temple   | Entered the Ecumenical Temple
  2941 | Temple   | Upgraded the game from 0.32-a0-406-gdbcfc42 to
                  | 0.32-a0-422-g28b100f
  2949 | Temple   | Became a worshipper of Ashenzari the Shackled
  3168 | D:4      | Reached skill level 5 in Alchemy
  3337 | D:4      | Reached XP level 7. HP: 41/41 MP: 7/10
  3617 | D:4      | Found a sparkling altar of Nemelex Xobeh.
  3794 | D:4      | Found a burning altar of Makhleb.
  4024 | D:5      | Entered Level 5 of the Dungeon
  4026 | D:5      | Found Mel Lava's Assorted Antiques.
  4091 | D:5      | Found a glowing drain.
  4112 | Sewer    | Entered a sewer
  4304 | Sewer    | Noticed Pargi
  4319 | Sewer    | Killed Pargi
  4492 | D:5      | Reached XP level 8. HP: 46/46 MP: 5/11
  4563 | D:5      | Reached skill level 6 in Alchemy
  4728 | D:5      | Found a radiant altar of Vehumet.
  5168 | D:5      | Found a shadowy altar of Dithmenos.
  5193 | D:5      | Reached skill level 5 in Air Magic
  5382 | D:4      | Slain by an ice beast

Illustrated notes

Levels and vault maps discovered:
D:1:      eino_arrival_cavern_b, layout_loops_cross
D:2:      layout_loops_ring, uniq_natasha
D:3:      layout_basic, nicolae_qazlal_general_emergency,
          shapermc_ecumenical_altar_hornbeckon
D:4:      layout_rooms, lemuel_doored_altar,
          mainiacjoe_overflow_six_doors_small, minmay_temple_entry_offerings
D:5:      corexii_shack_village, layout_loops_ring, marbit_many_paths,
          kennysheep_mini, nicolae_dithmenos_through_a_glass_darkly,
          mainiacjoe_sewer_entry_somewhere_in_here_1, kennysheep_donut,
          kennysheep_small_circle
Temple:   kb_temple_of_zot

Skill      XL: |  1  2  3  4  5  6  7  8 |
---------------+-------------------------+-----
Stealth        | 3 |  3.1
Air Magic      | 1 2 3 4 5 |  5.0
Alchemy        | 4 5 6 |  6.5
Dodging        | 3 |  3.0
Conjurations   | 2 3 4 |  4.5
Shields        | 1 2 4 |  4.0
Spellcasting   | |  2.0

Action                     |  1- 3 |  4- 6 |  7- 9 || total
---------------------------+-------+-------+-------++-------
  Melee: Short sword       |     5 |    36 |    92 ||   133
         Constrict         |     4 |    10 |    28 ||    42
         Tentacles         |     2 |     8 |    31 ||    41
         Unarmed           |       |    12 |       ||    12
  Throw: Stone             |       |       |     1 ||     1
   Cast: Sting             |    31 |    48 |    48 ||   127
         Mercury Vapours   |     2 |    13 |     9 ||    24
         Mephitic Cloud    |       |       |    13 ||    13
  Evoke: Wand              |       |     3 |     2 ||     5
    Use: Scroll            |     5 |     8 |     5 ||    18
         Potion            |       |     1 |     1 ||     2
   Stab: Sleeping          |     1 |       |     4 ||     5
         Confused          |       |       |     4 ||     4
         Distracted        |       |       |     1 ||     1
 Armour: Skin              |     2 |    27 |    43 ||    72
  Dodge: Dodged            |     3 |    48 |    67 ||   118
  Block: Buckler           |       |       |     9 ||     9

Table legend: (Time is in decaauts)
 A = Elapsed time spent in this place.
 B = Non-inter-level travel time spent in this place.
 C = Inter-level travel time spent in this place.
 D = Time resting spent in this place.
 E = Time spent auto-exploring this place.
 F = Levels seen in this place.
 G = Mean time per level.
                   A        B        C        D        E       F      G
               +--------+--------+--------+--------+--------+-----+--------+
         Total |   5403 |   5109 |    294 |    545 |   3404 |   7 |  771.9 |
       Dungeon |   4974 |   4710 |    264 |    415 |   3370 |   5 |  994.8 |
        Temple |     81 |     51 |     30 |      0 |      0 |   1 |   81.0 |
         Sewer |    346 |    346 |      0 |    130 |     34 |   1 |  346.0 |
               +--------+--------+--------+--------+--------+-----+--------+

Top non-repeatable levels by time:
     D:2: 1126 daAuts
     D:5: 995 daAuts
     D:1: 992 daAuts
     D:4: 940 daAuts
     D:3: 920 daAuts
   Sewer: 346 daAuts
  Temple: 81 daAuts
